Comets vs Condors
Created - February 10, 2023 at 23:23
Goals
|
| Comets |
0 |
3 |
0 |
0 |
1 |
3 |
| Condors |
1 |
2 |
0 |
0 |
2 |
4 |
|
Shots
|
| Comets |
4 |
17 |
7 |
1 |
6 |
29 |
| Condors |
13 |
16 |
3 |
0 |
6 |
32 |
|
1st period
1. Condors , C.J. Smith 2 (Jack Dougherty 9, Nikolai Knyzhov 2) at 3:16
Penalties :
Phil McRae (Bak) for Hooking (Minor) at 0:45, Michael Rasmussen (Bak) for High sticking (Minor) at 9:13, Rasmus Asplund (Uti) for Hooking (Minor) at 16:47, Brett Lernout (Bak) for High sticking (Double Minor) at 19:36
2nd period
2. Comets , Mackenzie MacEachern 3 (Juho Lammikko 20, Sami Niku 9) at 7:31
3. Condors , Adam Erne 11 (Mark Jankowski 30) at 9:49
4. Comets , Chandler Stephenson 15 (Oliver Kylington 9, Hudson Fasching 13) at 13:45
5. Condors , Mark Jankowski 10 (Adam Erne 19, Jack Dougherty 10) at 14:54
6. Comets , Teemu Pulkkinen 22 (Dennis Everberg 35, Nicolas Petan 17) at 17:28 (PP)
Penalties :
Brett Lernout (Bak) for Interference (Minor) at 4:51, Hudson Fasching (Uti) for Elbowing (Minor) at 10:36, C.J. Smith (Bak) for Tripping (Minor) at 17:10, Adam Ollas-Mattsson (Uti) for Hooking (Minor) at 19:00
3rd period
No Goal
Penalties :
Sami Niku (Uti) for Tripping (Minor) at 12:44, Adam Erne (Bak) for Tripping (Minor) at 16:23
Overtime #1
No Goal
Penalties :
No Penalty
Shootout
Comets, Dennis Everberg - Stopped by Mikko Koskinen
Condors, Daniel Zaar - Stopped by Casey DeSmith
Comets, Teemu Pulkkinen - Stopped by Mikko Koskinen
Condors, Mark Jankowski - Stopped by Casey DeSmith
Comets, Justin Bailey - Stopped by Mikko Koskinen
Condors, Jake Virtanen - Stopped by Casey DeSmith
Comets, Hudson Fasching - Shot Misses the Net
Condors, Adam Erne - Stopped by Casey DeSmith
Comets, Nicolas Petan - Goal!
Condors, Phil McRae - Goal!
Comets, Mackenzie MacEachern - Shot Misses the Net
Condors, Kailer Yamamoto - Goal!
Penalties :
No Penalty
Goalie Stats
Casey DeSmith (Uti), 29 saves from 32 shots - (0.906), OTL, 6-4-1, 65:00 minutes
Mikko Koskinen (Bak), 26 saves from 29 shots - (0.897), W, 10-5-1, 65:00 minutes
Players Stats for Comets
Player Name G A P +/- PIM S H SB GA TA FO MP PP MP PK MP
------------------------------------------------------------------------------------
Adam Ollas-Mattsson 0 0 0 0 2 1 2 1 0 1 0/0 20:33 5:15 2:48
Anton Karlsson 0 0 0 -2 0 1 1 0 0 0 0/0 7:36 0:00 0:46
Anton Zlobin 0 0 0 0 0 0 0 0 0 0 0/0 2:11 0:12 0:00
Brandon Biro 0 0 0 0 0 0 0 0 0 0 0/0 2:10 0:00 1:47
Chandler Stephenson 1 0 1 1 0 2 2 0 0 0 5/13 17:08 5:12 0:07
Dan Renouf 0 0 0 0 0 1 1 0 0 1 0/0 21:15 5:15 3:21
Daniil Miromanov 0 0 0 0 0 0 0 0 0 0 0/0 4:33 0:00 0:00
Dennis Everberg 0 1 1 0 0 3 2 2 3 0 6/11 25:53 6:46 4:38
Gustav Lindstrom 0 0 0 0 0 0 0 0 0 0 0/0 4:33 0:00 0:00
Hudson Fasching 0 1 1 1 2 3 0 0 0 0 0/1 19:55 5:12 1:43
Jack Rathbone 0 0 0 0 0 0 0 0 0 0 0/0 0:25 0:00 0:00
Juho Lammikko 0 1 1 0 0 1 1 2 1 0 0/0 9:24 0:12 0:00
Justin Bailey 0 0 0 1 0 4 0 0 1 0 3/3 20:13 5:12 2:20
Juuso Riikola 0 0 0 0 0 2 2 1 1 1 0/0 30:05 6:58 4:35
Mackenzie MacEachern 1 0 1 0 0 1 1 0 0 0 0/0 8:54 0:00 0:00
Michael Joly 0 0 0 -2 0 0 0 0 0 0 0/0 6:17 0:00 0:00
Nicolas Petan 0 1 1 0 0 3 0 0 1 1 18/26 18:04 6:38 0:00
Oliver Kylington 0 1 1 0 0 1 4 2 0 1 0/0 30:05 6:58 4:35
Oskar Steen 0 0 0 0 0 0 0 0 0 0 0/0 0:00 0:00 0:00
Rasmus Asplund 0 0 0 -2 2 0 1 1 0 0 0/0 6:32 0:00 0:00
Sami Niku 0 1 1 -1 2 0 0 0 0 0 0/0 8:43 0:00 0:00
Teemu Pulkkinen 1 0 1 0 0 5 2 1 1 0 0/1 25:31 6:49 4:31
Tyler Graovac 0 0 0 0 0 1 1 0 0 0 1/7 8:54 0:00 0:00
William Lagesson 0 0 0 -1 0 0 0 0 0 1 0/0 9:59 0:00 0:33
William Lockwood 0 0 0 0 0 0 0 0 0 0 1/3 3:07 0:26 0:00
Players Stats for Condors
Player Name G A P +/- PIM S H SB GA TA FO MP PP MP PK MP
------------------------------------------------------------------------------------
Adam Erne 1 1 2 1 2 1 3 0 0 0 2/4 24:21 4:25 4:10
Alexandre Carrier 0 0 0 0 0 2 0 1 0 2 0/0 29:46 4:08 7:33
Brett Lernout 0 0 0 0 6 0 2 3 1 0 0/0 26:50 4:08 3:49
C.J. Smith 1 0 1 1 2 1 2 0 0 0 0/0 5:00 0:00 0:00
Christian Thomas 0 0 0 -1 0 0 2 0 0 0 0/1 16:25 3:28 1:06
Colin White 0 0 0 1 0 1 1 0 0 0 0/1 5:01 0:00 0:00
Daniel Zaar 0 0 0 1 0 8 3 0 0 2 3/9 26:40 4:21 6:20
Emil Djuse 0 0 0 2 0 2 3 1 0 0 0/0 24:49 3:48 5:20
Jack Dougherty 0 2 2 1 0 3 1 1 0 2 0/0 26:33 3:48 5:57
Jake Virtanen 0 0 0 -1 0 1 5 0 2 0 0/1 19:48 3:28 4:04
Jesse Puljujarvi 0 0 0 0 0 1 1 1 1 1 0/1 12:35 0:00 2:18
Kailer Yamamoto 0 0 0 0 0 4 0 0 1 0 0/0 12:56 0:00 0:00
Mark Jankowski 1 1 2 1 0 5 2 0 1 1 14/25 26:40 4:21 6:20
Mathew Barzal 0 0 0 0 0 1 1 0 0 0 6/9 10:07 0:07 0:00
Michael Rasmussen 0 0 0 1 2 0 0 0 0 0 0/0 4:08 0:10 0:23
Nikolai Knyzhov 0 1 1 -1 0 0 3 1 0 0 0/0 12:43 0:00 1:32
Phil McRae 0 0 0 -1 2 2 1 0 0 0 5/13 14:59 3:28 0:00
Taro Hirose 0 0 0 0 0 0 0 0 0 0 1/1 8:20 0:00 0:00
3 Stars
1 - Mark Jankowski (Bak)
2 - Adam Erne (Bak)
3 - Jack Dougherty (Bak)
Power Play
Comets - 1 on 7 Attempt(s) - 14.29%
Condors - 0 on 4 Attempt(s) - 0.00%
Penalty Kill
Comets - 4 on 4 Attempt(s) - 100.00%
- Score 0 goal in Penalty Kill
Condors - 6 on 7 Attempt(s) - 85.71%
- Score 0 goal in Penalty Kill
Team Stat
Comets - Hits : 20 - Faceoff Wins : 34 - Blocked Shots : 10 - Penalty Minutes : 8
Condors - Hits : 30 - Faceoff Wins : 31 - Blocked Shots : 8 - Penalty Minutes : 14
Official
Referees : Eric Furlatt and Brian Pochmara
Linesman : David Brisebois and Andrew Smith
Game Notes
No Game Note
Finance
Level 1 -- Attendance: 1809 (90.45%) -- Ticket Income $63,315
Level 2 -- Attendance: 920 (92.00%) -- Ticket Income $13,800
Total Attendance: 2729 (90.97%)
Total Ticket Income: $77,115
Other Income: $3,856
Total Income: $80,971
Comets
5 vs 5 Forward
Center Left Wing Right Wing Time % Phy DF OF
1 Nicolas Petan Teemu Pulkkinen Dennis Everberg 40 1 2 2
2 Chandler Stephenson Justin Bailey Hudson Fasching 30 1 2 2
3 Tyler Graovac Mackenzie MacEachern Juho Lammikko 20 1 2 2
4 Rasmus Asplund Anton Karlsson Michael Joly 10 1 2 2
5 vs 5 Defense
Defense Defense Time % Phy DF OF
1 Juuso Riikola Oliver Kylington 40 1 2 2
2 Dan Renouf Adam Ollas-Mattsson 30 1 2 2
3 William Lagesson Sami Niku 20 1 2 2
4 Gustav Lindstrom Daniil Miromanov 10 1 2 2
PowerPlay Forward
Center Left Wing Right Wing Time % Phy DF OF
1 Nicolas Petan Teemu Pulkkinen Dennis Everberg 60 1 2 2
2 Chandler Stephenson Justin Bailey Hudson Fasching 40 1 2 2
PowerPlay Defense
Defense Defense Time % Phy DF OF
1 Juuso Riikola Oliver Kylington 60 1 2 2
2 Dan Renouf Adam Ollas-Mattsson 40 1 2 2
Penalty Kill 4 Players Forward
Center Wing Time % Phy DF OF
1 Dennis Everberg Teemu Pulkkinen 60 1 2 2
2 Justin Bailey Hudson Fasching 40 1 2 2
Penalty Kill 4 Players Defense
Defense Defense Time % Phy DF OF
1 Juuso Riikola Oliver Kylington 60 1 2 2
2 Dan Renouf Adam Ollas-Mattsson 40 1 2 2
Penalty Kill - 3 Players Forward
Forward Time % Phy DF OF
1 Dennis Everberg 60 1 2 2
2 Teemu Pulkkinen 40 1 2 2
Penalty Kill - 3 Players Defense
Defense Defense Time % Phy DF OF
1 Juuso Riikola Oliver Kylington 60 1 2 2
2 Dan Renouf Adam Ollas-Mattsson 40 1 2 2
4 vs 4 Forward
Center Wing Time % Phy DF OF
1 Dennis Everberg Teemu Pulkkinen 60 1 2 2
2 Justin Bailey Hudson Fasching 40 1 2 2
4 vs 4 Defense
Defense Defense Time % Phy DF OF
1 Juuso Riikola Oliver Kylington 60 1 2 2
2 Dan Renouf Adam Ollas-Mattsson 40 1 2 2
Last Minutes Offensive
Center Left Wing Right Wing Defense Defense
Nicolas Petan Teemu Pulkkinen Dennis Everberg Juuso Riikola Oliver Kylington
Last Minutes Defensive
Center Left Wing Right Wing Defense Defense
Nicolas Petan Teemu Pulkkinen Dennis Everberg Juuso Riikola Oliver Kylington
Goaltenders
Starting : Casey DeSmith
Backup : Thatcher Demko
Extra Forwards
Normal : William Lockwood, Anton Zlobin, Brandon Biro - PP : William Lockwood, Anton Zlobin - PK : Brandon Biro
Extra Defensemen
Normal : Jack Rathbone, William Lagesson, Sami Niku - PP : Jack Rathbone - PK : William Lagesson, Sami Niku
Penalty Shots
Dennis Everberg, Teemu Pulkkinen, Justin Bailey, Hudson Fasching, Nicolas Petan
Scratches
Andrej Nestrasil (Healthy), Jaret Anderson-Dolan (Healthy), Phil Di Giuseppe (Healthy), Dmitry Sokolov (Healthy), Marek Langhamer (Healthy)
Michael Dipietro (Healthy)
Condors
5 vs 5 Forward
Center Left Wing Right Wing Time % Phy DF OF
1 Mark Jankowski Adam Erne Daniel Zaar 40 1 2 2
2 Phil McRae Christian Thomas Jake Virtanen 30 1 2 2
3 Mathew Barzal Taro Hirose Jesse Puljujarvi 20 1 2 2
4 Colin White C.J. Smith Kailer Yamamoto 10 1 2 2
5 vs 5 Defense
Defense Defense Time % Phy DF OF
1 Brett Lernout Alexandre Carrier 40 1 2 2
2 Jack Dougherty Emil Djuse 30 1 2 2
3 Nikolai Knyzhov Kailer Yamamoto 20 1 2 2
4 Brett Lernout Alexandre Carrier 10 1 2 2
PowerPlay Forward
Center Left Wing Right Wing Time % Phy DF OF
1 Mark Jankowski Adam Erne Daniel Zaar 60 1 2 2
2 Phil McRae Christian Thomas Jake Virtanen 40 1 2 2
PowerPlay Defense
Defense Defense Time % Phy DF OF
1 Brett Lernout Alexandre Carrier 60 1 2 2
2 Jack Dougherty Emil Djuse 40 1 2 2
Penalty Kill 4 Players Forward
Center Wing Time % Phy DF OF
1 Daniel Zaar Mark Jankowski 60 1 2 2
2 Jake Virtanen Adam Erne 40 1 2 2
Penalty Kill 4 Players Defense
Defense Defense Time % Phy DF OF
1 Brett Lernout Alexandre Carrier 60 1 2 2
2 Jack Dougherty Emil Djuse 40 1 2 2
Penalty Kill - 3 Players Forward
Forward Time % Phy DF OF
1 Daniel Zaar 60 1 2 2
2 Mark Jankowski 40 1 2 2
Penalty Kill - 3 Players Defense
Defense Defense Time % Phy DF OF
1 Brett Lernout Alexandre Carrier 60 1 2 2
2 Jack Dougherty Emil Djuse 40 1 2 2
4 vs 4 Forward
Center Wing Time % Phy DF OF
1 Daniel Zaar Mark Jankowski 60 1 2 2
2 Jake Virtanen Adam Erne 40 1 2 2
4 vs 4 Defense
Defense Defense Time % Phy DF OF
1 Brett Lernout Alexandre Carrier 60 1 2 2
2 Jack Dougherty Emil Djuse 40 1 2 2
Last Minutes Offensive
Center Left Wing Right Wing Defense Defense
Mark Jankowski Adam Erne Daniel Zaar Brett Lernout Alexandre Carrier
Last Minutes Defensive
Center Left Wing Right Wing Defense Defense
Mark Jankowski Adam Erne Daniel Zaar Brett Lernout Alexandre Carrier
Goaltenders
Starting : Mikko Koskinen
Backup : Carter Hart
Extra Forwards
Normal : Michael Rasmussen, Mathew Barzal, Jesse Puljujarvi - PP : Michael Rasmussen, Mathew Barzal - PK : Jesse Puljujarvi
Extra Defensemen
Normal : Nikolai Knyzhov, Jack Dougherty, Emil Djuse - PP : Nikolai Knyzhov - PK : Jack Dougherty, Emil Djuse
Penalty Shots
Daniel Zaar, Mark Jankowski, Jake Virtanen, Adam Erne, Phil McRae
Scratches
Cole Cassels (Healthy), Connor Hurley (Healthy), Gustav Olofsson (Sprained Left Knee Injury), Jeremy Gregoire (Healthy), Jordan Subban (Sprained Right Knee Injury)
Louis Leblanc (Healthy), Robin Salo (Healthy), Philippe Myers (Strained Right Elbow Injury), Remi Elie (Healthy), Robby Fabbri (Broken Right Thumb Injury)
Zac Leslie (Healthy), Clayton Keller (Healthy), Kiefer Sherwood (Healthy), Lucas Johansen (Healthy), Jack Campbell (Healthy)
Arvid Soderblom (Healthy)
% Time on Ice - Comets
Lines # - Real PCT - Wanted PCT - Time Play
Normal Forward
1 - 32% - 40% - 12:43
2 - 30% - 30% - 11:57
3 - 22% - 20% - 8:54
4 - 16% - 10% - 6:17
Normal Defense
1 - 39% - 40% - 15:43
2 - 27% - 30% - 10:53
3 - 22% - 20% - 8:42
4 - 11% - 10% - 4:33
PP Forward
1 - 57% - 60% - 7:01
2 - 43% - 40% - 5:12
PP Defense
1 - 57% - 60% - 6:58
2 - 43% - 40% - 5:15
PK Forward
1 - 71% - 60% - 5:36
2 - 29% - 40% - 2:20
PK Defense
1 - 58% - 60% - 4:35
2 - 42% - 40% - 3:21
PK3 Forward
1 - 0% - 60%
2 - 0% - 40%
PK3 Defense
1 - 0% - 60%
2 - 0% - 40%
44 Forward
1 - 81% - 60% - 4:02
2 - 19% - 40% - 0:58
44 Defense
1 - 65% - 60% - 3:14
2 - 35% - 40% - 1:46
Last Minute Offensive - 0:00
Last Minute Defensive - 0:00
Total
Forward - 65:00
Defense - 65:00
|
% Time on Ice - Condors
Lines # - Real PCT - Wanted PCT - Time Play
Normal Forward
1 - 38% - 40% - 15:15
2 - 28% - 30% - 11:15
3 - 21% - 20% - 8:20
4 - 13% - 10% - 5:01
Normal Defense
1 - 41% - 40% - 16:27
2 - 34% - 30% - 13:29
3 - 24% - 20% - 9:40
4 - 1% - 10% - 0:15
PP Forward
1 - 56% - 60% - 4:28
2 - 44% - 40% - 3:28
PP Defense
1 - 52% - 60% - 4:08
2 - 48% - 40% - 3:48
PK Forward
1 - 67% - 60% - 8:09
2 - 33% - 40% - 4:04
PK Defense
1 - 75% - 60% - 9:09
2 - 25% - 40% - 3:04
PK3 Forward
1 - 0% - 60%
2 - 0% - 40%
PK3 Defense
1 - 0% - 60%
2 - 0% - 40%
44 Forward
1 - 80% - 60% - 3:59
2 - 20% - 40% - 1:01
44 Defense
1 - 66% - 60% - 3:17
2 - 34% - 40% - 1:43
Last Minute Offensive - 0:00
Last Minute Defensive - 0:00
Total
Forward - 65:00
Defense - 65:00
|
Play-by-Play
1st period
0:01 of 1st period - Dennis Everberg wins face-off versus Mark Jankowski in neutral zone.
0:06 of 1st period - Slapshot by Nicolas Petan.
0:06 of 1st period - Shot Misses the Net.
0:08 of 1st period - Wrist shot by Teemu Pulkkinen.
0:08 of 1st period - Stopped by Mikko Koskinen without a rebound.
0:09 of 1st period - Mark Jankowski wins face-off versus Nicolas Petan in Condors zone.
0:24 of 1st period - Icing by Teemu Pulkkinen.
0:25 of 1st period - Phil McRae wins face-off versus Nicolas Petan in Comets zone.
0:26 of 1st period - Snap shot by Jake Virtanen.
0:26 of 1st period - Shot Blocked by Oliver Kylington.
0:45 of 1st period - Minor Penalty to Phil McRae for Hooking.
0:46 of 1st period - Nicolas Petan wins face-off versus Daniel Zaar in Condors zone.
0:54 of 1st period - Snap shot by Nicolas Petan.
0:54 of 1st period - Shot Misses the Net.
2:45 of 1st period - Penalty to Phil McRae is over, Phil McRae is back on ice.
3:09 of 1st period - Sami Niku is hit by Nikolai Knyzhov and loses puck.
3:14 of 1st period - Slapshot by Jack Dougherty.
3:14 of 1st period - Stopped by Casey DeSmith with a rebound.
3:16 of 1st period - Snap shot by C.J. Smith.
3:16 of 1st period - Goal by C.J. Smith - Comets : 0 - Condors : 1.
3:17 of 1st period - Mathew Barzal wins face-off versus Chandler Stephenson in neutral zone.
3:22 of 1st period - Snap shot by Taro Hirose.
3:22 of 1st period - Shot Misses the Net.
4:03 of 1st period - Slapshot by Jake Virtanen.
4:03 of 1st period - Stopped by Casey DeSmith with a rebound.
4:05 of 1st period - Slapshot by Alexandre Carrier.
4:05 of 1st period - Shot Misses the Net.
4:27 of 1st period - Slapshot by Jack Dougherty.
4:27 of 1st period - Stopped by Casey DeSmith with a rebound.
4:35 of 1st period - Emil Djuse is hit by Chandler Stephenson and loses puck.
5:12 of 1st period - Wrist shot by Kailer Yamamoto.
5:12 of 1st period - Stopped by Casey DeSmith with a rebound.
5:14 of 1st period - Slapshot by Jack Dougherty.
5:14 of 1st period - Shot Blocked by Adam Ollas-Mattsson.
5:16 of 1st period - Slapshot by Jack Dougherty.
5:16 of 1st period - Stopped by Casey DeSmith with a rebound.
5:18 of 1st period - Wrist shot by C.J. Smith.
5:18 of 1st period - Shot Misses the Net.
5:20 of 1st period - Snap shot by Emil Djuse.
5:20 of 1st period - Stopped by Casey DeSmith with a rebound.
5:22 of 1st period - Snap shot by Emil Djuse.
5:22 of 1st period - Shot Misses the Net.
5:26 of 1st period - Snap shot by Kailer Yamamoto.
5:26 of 1st period - Stopped by Casey DeSmith without a rebound.
5:27 of 1st period - Mark Jankowski wins face-off versus Chandler Stephenson in Comets zone.
5:32 of 1st period - Wrist shot by Mark Jankowski.
5:32 of 1st period - Stopped by Casey DeSmith without a rebound.
5:33 of 1st period - Chandler Stephenson wins face-off versus Mark Jankowski in Comets zone.
5:57 of 1st period - Icing by Chandler Stephenson.
5:58 of 1st period - Dennis Everberg wins face-off versus Phil McRae in Comets zone.
5:58 of 1st period - Dennis Everberg is hit by Jake Virtanen.
6:16 of 1st period - Icing by Teemu Pulkkinen.
6:17 of 1st period - Nicolas Petan wins face-off versus Mark Jankowski in Comets zone.
6:54 of 1st period - Off-side.
6:55 of 1st period - Taro Hirose wins face-off versus Hudson Fasching in neutral zone.
8:25 of 1st period - Wrist shot by Nicolas Petan.
8:25 of 1st period - Shot Misses the Net.
9:11 of 1st period - Snap shot by Hudson Fasching.
9:11 of 1st period - Shot Misses the Net.
9:13 of 1st period - Minor Penalty to Michael Rasmussen for High sticking.
9:14 of 1st period - Dennis Everberg wins face-off versus Daniel Zaar in Condors zone.
11:13 of 1st period - Penalty to Michael Rasmussen is over, Michael Rasmussen is back on ice.
11:39 of 1st period - Adam Ollas-Mattsson is hit by Nikolai Knyzhov and loses puck.
12:08 of 1st period - Michael Joly is hit by Jake Virtanen and loses puck.
12:23 of 1st period - Adam Erne is hit by Teemu Pulkkinen and loses puck.
14:10 of 1st period - Gustav Lindstrom is hit by C.J. Smith and loses puck.
14:21 of 1st period - Wrist shot by C.J. Smith.
14:21 of 1st period - Deflect By Colin White.
14:21 of 1st period - Stopped by Casey DeSmith with a rebound.
14:43 of 1st period - Nicolas Petan is hit by Jake Virtanen and loses puck.
14:54 of 1st period - Teemu Pulkkinen is hit by Mark Jankowski.
15:10 of 1st period - Snap shot by Justin Bailey.
15:10 of 1st period - Shot Misses the Net.
15:12 of 1st period - Snap shot by Justin Bailey.
15:12 of 1st period - Shot Misses the Net.
15:14 of 1st period - Wrist shot by Chandler Stephenson.
15:14 of 1st period - Shot Blocked by Jack Dougherty.
15:21 of 1st period - Icing by Emil Djuse.
15:22 of 1st period - Mathew Barzal wins face-off versus Tyler Graovac in Condors zone.
15:32 of 1st period - Slapshot by Phil McRae.
15:32 of 1st period - Stopped by Casey DeSmith with a rebound.
16:19 of 1st period - Wrist shot by Dennis Everberg.
16:19 of 1st period - Stopped by Mikko Koskinen with a rebound.
16:31 of 1st period - Slapshot by Brett Lernout.
16:31 of 1st period - Shot Misses the Net.
16:33 of 1st period - Snap shot by Brett Lernout.
16:33 of 1st period - Shot Blocked by Rasmus Asplund.
16:47 of 1st period - Minor Penalty to Rasmus Asplund for Hooking.
16:48 of 1st period - Adam Erne wins face-off versus Dennis Everberg in Comets zone.
16:51 of 1st period - Wrist shot by Daniel Zaar.
16:51 of 1st period - Shot Misses the Net.
16:53 of 1st period - Slapshot by Emil Djuse.
16:53 of 1st period - Shot Misses the Net.
16:55 of 1st period - Snap shot by Emil Djuse.
16:55 of 1st period - Shot Blocked by Dennis Everberg.
17:19 of 1st period - Slapshot by Jake Virtanen.
17:19 of 1st period - Shot Blocked by Dennis Everberg.
17:23 of 1st period - Snap shot by Phil McRae.
17:23 of 1st period - Shot Blocked by Teemu Pulkkinen.
18:11 of 1st period - Icing by Mark Jankowski.
18:12 of 1st period - Chandler Stephenson wins face-off versus Mark Jankowski in Condors zone.
18:32 of 1st period - Off-side.
18:33 of 1st period - Phil McRae wins face-off versus Dennis Everberg in neutral zone.
18:47 of 1st period - Penalty to Rasmus Asplund is over, Rasmus Asplund is back on ice.
19:02 of 1st period - Snap shot by Kailer Yamamoto.
19:02 of 1st period - Stopped by Casey DeSmith without a rebound.
19:03 of 1st period - Justin Bailey wins face-off versus Colin White in Comets zone.
19:03 of 1st period - Justin Bailey is hit by C.J. Smith.
19:14 of 1st period - Slapshot by Kailer Yamamoto.
19:14 of 1st period - Stopped by Casey DeSmith without a rebound.
19:15 of 1st period - Mark Jankowski wins face-off versus Chandler Stephenson in Comets zone.
19:28 of 1st period - Slapshot by Oliver Kylington.
19:28 of 1st period - Shot Blocked by Brett Lernout.
19:30 of 1st period - Backhand shot by Justin Bailey.
19:30 of 1st period - Stopped by Mikko Koskinen with a rebound.
19:36 of 1st period - Double Minor Penalty to Brett Lernout for High sticking.
19:37 of 1st period - Mark Jankowski wins face-off versus Nicolas Petan in Condors zone.
19:37 of 1st period - Mark Jankowski is hit by Dennis Everberg.
19:49 of 1st period - Snap shot by Teemu Pulkkinen.
19:49 of 1st period - Stopped by Mikko Koskinen without a rebound.
19:50 of 1st period - Nicolas Petan wins face-off versus Daniel Zaar in Condors zone.
Goals for this period are 0 for Comets vs 1 for Condors.
Shots for this period are 4 for Comets vs 13 for Condors.
2nd period
0:01 of 2nd period - Daniel Zaar wins face-off versus Nicolas Petan in neutral zone.
1:10 of 2nd period - Icing by Dan Renouf.
1:11 of 2nd period - Chandler Stephenson wins face-off versus Jake Virtanen in Comets zone.
2:00 of 2nd period - Hudson Fasching is hit by Adam Erne and loses puck.
2:17 of 2nd period - Dennis Everberg is hit by Adam Erne.
2:18 of 2nd period - Icing by Dennis Everberg.
2:19 of 2nd period - Nicolas Petan wins face-off versus Jesse Puljujarvi in Comets zone.
2:32 of 2nd period - Dan Renouf is hit by Emil Djuse and loses puck.
2:51 of 2nd period - Juuso Riikola is hit by Emil Djuse and loses puck.
3:31 of 2nd period - Icing by Teemu Pulkkinen.
3:32 of 2nd period - Adam Erne wins face-off versus William Lockwood in Comets zone.
3:33 of 2nd period - Snap shot by Jesse Puljujarvi.
3:33 of 2nd period - Stopped by Casey DeSmith with a rebound.
3:36 of 2nd period - Penalty to Brett Lernout is over, Brett Lernout is back on ice.
3:54 of 2nd period - Slapshot by Oliver Kylington.
3:54 of 2nd period - Shot Blocked by Jesse Puljujarvi.
3:56 of 2nd period - Slapshot by Juuso Riikola.
3:56 of 2nd period - Deflect By Teemu Pulkkinen.
3:56 of 2nd period - Stopped by Mikko Koskinen with a rebound.
3:58 of 2nd period - Backhand shot by Dennis Everberg.
3:58 of 2nd period - Stopped by Mikko Koskinen without a rebound.
3:59 of 2nd period - Chandler Stephenson wins face-off versus Phil McRae in Condors zone.
4:02 of 2nd period - Slapshot by Hudson Fasching.
4:02 of 2nd period - Deflect By Chandler Stephenson.
4:02 of 2nd period - Stopped by Mikko Koskinen without a rebound.
4:03 of 2nd period - Phil McRae wins face-off versus Chandler Stephenson in Condors zone.
4:40 of 2nd period - Wrist shot by Justin Bailey.
4:40 of 2nd period - Stopped by Mikko Koskinen with a rebound.
4:42 of 2nd period - Snap shot by Justin Bailey.
4:42 of 2nd period - Stopped by Mikko Koskinen with a rebound.
4:44 of 2nd period - Snap shot by Hudson Fasching.
4:44 of 2nd period - Stopped by Mikko Koskinen with a rebound.
4:46 of 2nd period - Slapshot by Adam Ollas-Mattsson.
4:46 of 2nd period - Stopped by Mikko Koskinen without a rebound.
4:47 of 2nd period - Nicolas Petan wins face-off versus Mathew Barzal in Condors zone.
4:51 of 2nd period - Minor Penalty to Brett Lernout for Interference.
4:52 of 2nd period - Daniel Zaar wins face-off versus Nicolas Petan in Condors zone.
5:02 of 2nd period - Slapshot by Oliver Kylington.
5:02 of 2nd period - Shot Blocked by Alexandre Carrier.
5:08 of 2nd period - Snap shot by Nicolas Petan.
5:08 of 2nd period - Shot Misses the Net.
5:28 of 2nd period - Snap shot by Juuso Riikola.
5:28 of 2nd period - Stopped by Mikko Koskinen with a rebound.
6:42 of 2nd period - Jesse Puljujarvi is hit by Dan Renouf and loses puck.
6:51 of 2nd period - Penalty to Brett Lernout is over, Brett Lernout is back on ice.
7:09 of 2nd period - Slapshot by Michael Joly.
7:09 of 2nd period - Shot Misses the Net.
7:31 of 2nd period - Wrist shot by Mackenzie MacEachern.
7:31 of 2nd period - Goal by Mackenzie MacEachern - Comets : 1 - Condors : 1.
7:32 of 2nd period - Phil McRae wins face-off versus Chandler Stephenson in neutral zone.
8:08 of 2nd period - Oliver Kylington is hit by Jack Dougherty and loses puck.
8:18 of 2nd period - Off-side.
8:19 of 2nd period - Mark Jankowski wins face-off versus Tyler Graovac in neutral zone.
8:32 of 2nd period - Brett Lernout is hit by Tyler Graovac and loses puck.
9:28 of 2nd period - Slapshot by Daniel Zaar.
9:28 of 2nd period - Stopped by Casey DeSmith with a rebound.
9:49 of 2nd period - Snap shot by Adam Erne.
9:49 of 2nd period - Goal by Adam Erne - Comets : 1 - Condors : 2.
9:50 of 2nd period - Nicolas Petan wins face-off versus Phil McRae in neutral zone.
9:52 of 2nd period - Off-side.
9:53 of 2nd period - Nicolas Petan wins face-off versus Phil McRae in neutral zone.
10:18 of 2nd period - Wrist shot by Phil McRae.
10:18 of 2nd period - Shot Blocked by Oliver Kylington.
10:36 of 2nd period - Minor Penalty to Hudson Fasching for Elbowing.
10:37 of 2nd period - Dennis Everberg wins face-off versus Mark Jankowski in Comets zone.
10:48 of 2nd period - Slapshot by Daniel Zaar.
10:48 of 2nd period - Stopped by Casey DeSmith without a rebound.
10:49 of 2nd period - Mark Jankowski wins face-off versus Dennis Everberg in Comets zone.
10:54 of 2nd period - Snap shot by Daniel Zaar.
10:54 of 2nd period - Stopped by Casey DeSmith with a rebound.
10:56 of 2nd period - Slapshot by Alexandre Carrier.
10:56 of 2nd period - Stopped by Casey DeSmith with a rebound.
11:25 of 2nd period - Off-side.
11:26 of 2nd period - Justin Bailey wins face-off versus Mark Jankowski in neutral zone.
12:36 of 2nd period - Penalty to Hudson Fasching is over, Hudson Fasching is back on ice.
12:38 of 2nd period - Adam Ollas-Mattsson is hit by Emil Djuse and loses puck.
12:51 of 2nd period - Wrist shot by Hudson Fasching.
12:51 of 2nd period - Stopped by Mikko Koskinen with a rebound.
12:53 of 2nd period - Snap shot by Dan Renouf.
12:53 of 2nd period - Shot Misses the Net.
12:55 of 2nd period - Slapshot by Dan Renouf.
12:55 of 2nd period - Stopped by Mikko Koskinen without a rebound.
12:56 of 2nd period - Tyler Graovac wins face-off versus Mathew Barzal in Condors zone.
13:23 of 2nd period - Off-side.
13:24 of 2nd period - Mark Jankowski wins face-off versus Chandler Stephenson in neutral zone.
13:27 of 2nd period - Slapshot by Alexandre Carrier.
13:27 of 2nd period - Deflect By Justin Bailey.
13:27 of 2nd period - Stopped by Casey DeSmith without a rebound.
13:28 of 2nd period - Mark Jankowski wins face-off versus Chandler Stephenson in Comets zone.
13:43 of 2nd period - Wrist shot by Chandler Stephenson.
13:43 of 2nd period - Shot Blocked by Brett Lernout.
13:45 of 2nd period - Wrist shot by Chandler Stephenson.
13:45 of 2nd period - Goal by Chandler Stephenson - Comets : 2 - Condors : 2.
13:46 of 2nd period - Nicolas Petan wins face-off versus Mark Jankowski in neutral zone.
13:57 of 2nd period - Snap shot by Daniel Zaar.
13:57 of 2nd period - Stopped by Casey DeSmith with a rebound.
14:03 of 2nd period - Emil Djuse is hit by Oliver Kylington and loses puck.
14:24 of 2nd period - Wrist shot by Daniel Zaar.
14:24 of 2nd period - Stopped by Casey DeSmith with a rebound.
14:46 of 2nd period - Wrist shot by Mark Jankowski.
14:46 of 2nd period - Stopped by Casey DeSmith with a rebound.
14:48 of 2nd period - Snap shot by Daniel Zaar.
14:48 of 2nd period - Deflect By Mark Jankowski.
14:48 of 2nd period - Stopped by Casey DeSmith with a rebound.
14:50 of 2nd period - Slapshot by Jack Dougherty.
14:50 of 2nd period - Shot Blocked by Juho Lammikko.
14:52 of 2nd period - Snap shot by Adam Erne.
14:52 of 2nd period - Shot Misses the Net.
14:54 of 2nd period - Slapshot by Mark Jankowski.
14:54 of 2nd period - Goal by Mark Jankowski - Comets : 2 - Condors : 3.
14:55 of 2nd period - Nicolas Petan wins face-off versus Phil McRae in neutral zone.
15:08 of 2nd period - Wrist shot by Dennis Everberg.
15:08 of 2nd period - Stopped by Mikko Koskinen with a rebound.
15:10 of 2nd period - Wrist shot by Nicolas Petan.
15:10 of 2nd period - Shot Misses the Net.
15:17 of 2nd period - Icing by Alexandre Carrier.
15:18 of 2nd period - Justin Bailey wins face-off versus Phil McRae in Condors zone.
15:23 of 2nd period - Wrist shot by Justin Bailey.
15:23 of 2nd period - Shot Misses the Net.
15:29 of 2nd period - Oliver Kylington is hit by Phil McRae and loses puck.
15:34 of 2nd period - Snap shot by Jake Virtanen.
15:34 of 2nd period - Deflect By Phil McRae.
15:34 of 2nd period - Stopped by Casey DeSmith without a rebound.
15:35 of 2nd period - Nicolas Petan wins face-off versus Adam Erne in Comets zone.
15:40 of 2nd period - Slapshot by Daniel Zaar.
15:40 of 2nd period - Stopped by Casey DeSmith with a rebound.
15:42 of 2nd period - Snap shot by Mark Jankowski.
15:42 of 2nd period - Shot Misses the Net.
15:44 of 2nd period - Wrist shot by Mark Jankowski.
15:44 of 2nd period - Shot Misses the Net.
15:46 of 2nd period - Slapshot by Emil Djuse.
15:46 of 2nd period - Stopped by Casey DeSmith with a rebound.
15:48 of 2nd period - Snap shot by Daniel Zaar.
15:48 of 2nd period - Stopped by Casey DeSmith without a rebound.
15:49 of 2nd period - Phil McRae wins face-off versus Nicolas Petan in Comets zone.
16:00 of 2nd period - Christian Thomas is hit by Dennis Everberg.
16:16 of 2nd period - Chandler Stephenson is hit by Adam Erne and loses puck.
16:37 of 2nd period - Slapshot by Juho Lammikko.
16:37 of 2nd period - Shot Misses the Net.
16:39 of 2nd period - Wrist shot by Juho Lammikko.
16:39 of 2nd period - Shot Misses the Net.
16:41 of 2nd period - Slapshot by Adam Ollas-Mattsson.
16:41 of 2nd period - Shot Misses the Net.
16:43 of 2nd period - Snap shot by Dan Renouf.
16:43 of 2nd period - Shot Misses the Net.
16:45 of 2nd period - Snap shot by Dan Renouf.
16:45 of 2nd period - Shot Misses the Net.
16:55 of 2nd period - C.J. Smith is hit by Rasmus Asplund and loses puck.
17:02 of 2nd period - Wrist shot by Anton Karlsson.
17:02 of 2nd period - Stopped by Mikko Koskinen with a rebound.
17:04 of 2nd period - Wrist shot by Michael Joly.
17:04 of 2nd period - Shot Misses the Net.
17:10 of 2nd period - Minor Penalty to C.J. Smith for Tripping.
17:11 of 2nd period - Nicolas Petan wins face-off versus Mark Jankowski in Condors zone.
17:14 of 2nd period - Snap shot by Nicolas Petan.
17:14 of 2nd period - Stopped by Mikko Koskinen without a rebound.
17:15 of 2nd period - Nicolas Petan wins face-off versus Daniel Zaar in Condors zone.
17:26 of 2nd period - Slapshot by Teemu Pulkkinen.
17:26 of 2nd period - Shot Blocked by Brett Lernout.
17:28 of 2nd period - Backhand shot by Teemu Pulkkinen.
17:28 of 2nd period - Deflect By Alexandre Carrier.
17:28 of 2nd period - Goal by Teemu Pulkkinen - Comets : 3 - Condors : 3.
17:29 of 2nd period - Nicolas Petan wins face-off versus Phil McRae in neutral zone.
17:38 of 2nd period - Icing by Oliver Kylington.
17:39 of 2nd period - Nicolas Petan wins face-off versus Christian Thomas in Comets zone.
18:10 of 2nd period - Jake Virtanen is hit by Juuso Riikola and loses puck.
18:39 of 2nd period - Snap shot by Nicolas Petan.
18:39 of 2nd period - Stopped by Mikko Koskinen without a rebound.
18:40 of 2nd period - Mark Jankowski wins face-off versus Chandler Stephenson in Condors zone.
18:55 of 2nd period - Wrist shot by Chandler Stephenson.
18:55 of 2nd period - Shot Blocked by Emil Djuse.
19:00 of 2nd period - Minor Penalty to Adam Ollas-Mattsson for Hooking.
19:01 of 2nd period - Dennis Everberg wins face-off versus Mark Jankowski in Comets zone.
Goals for this period are 3 for Comets vs 2 for Condors.
Shots for this period are 17 for Comets vs 16 for Condors.
3rd period
0:01 of 3rd period - Mark Jankowski wins face-off versus Dennis Everberg in neutral zone.
1:00 of 3rd period - Penalty to Adam Ollas-Mattsson is over, Adam Ollas-Mattsson is back on ice.
1:02 of 3rd period - Snap shot by Hudson Fasching.
1:02 of 3rd period - Stopped by Mikko Koskinen with a rebound.
1:14 of 3rd period - Slapshot by Justin Bailey.
1:14 of 3rd period - Deflect By Tyler Graovac.
1:14 of 3rd period - Stopped by Mikko Koskinen with a rebound.
1:18 of 3rd period - Wrist shot by Juho Lammikko.
1:18 of 3rd period - Stopped by Mikko Koskinen without a rebound.
1:19 of 3rd period - Mathew Barzal wins face-off versus Tyler Graovac in Condors zone.
1:34 of 3rd period - Tyler Graovac is hit by Nikolai Knyzhov.
1:46 of 3rd period - Adam Erne is hit by Teemu Pulkkinen.
1:52 of 3rd period - Snap shot by Teemu Pulkkinen.
1:52 of 3rd period - Stopped by Mikko Koskinen with a rebound.
2:02 of 3rd period - Wrist shot by Phil McRae.
2:02 of 3rd period - Shot Blocked by Juuso Riikola.
2:04 of 3rd period - Wrist shot by Christian Thomas.
2:04 of 3rd period - Shot Misses the Net.
2:55 of 3rd period - Slapshot by Mark Jankowski.
2:55 of 3rd period - Stopped by Casey DeSmith with a rebound.
2:57 of 3rd period - Snap shot by Daniel Zaar.
2:57 of 3rd period - Stopped by Casey DeSmith with a rebound.
3:20 of 3rd period - Snap shot by Nicolas Petan.
3:20 of 3rd period - Stopped by Mikko Koskinen with a rebound.
3:50 of 3rd period - William Lagesson is hit by Daniel Zaar and loses puck.
4:17 of 3rd period - Slapshot by Hudson Fasching.
4:17 of 3rd period - Shot Blocked by Nikolai Knyzhov.
4:20 of 3rd period - Icing by Kailer Yamamoto.
4:21 of 3rd period - Chandler Stephenson wins face-off versus Phil McRae in Condors zone.
4:22 of 3rd period - Wrist shot by Oliver Kylington.
4:22 of 3rd period - Deflect By Christian Thomas.
4:22 of 3rd period - Stopped by Mikko Koskinen with a rebound.
5:54 of 3rd period - Snap shot by Justin Bailey.
5:54 of 3rd period - Stopped by Mikko Koskinen without a rebound.
5:55 of 3rd period - Nicolas Petan wins face-off versus Mark Jankowski in Condors zone.
6:06 of 3rd period - Snap shot by Dennis Everberg.
6:06 of 3rd period - Deflect By Nicolas Petan.
6:06 of 3rd period - Shot Misses the Net.
6:06 of 3rd period - Puck is out of play.
6:07 of 3rd period - Mark Jankowski wins face-off versus Dennis Everberg in Condors zone.
6:19 of 3rd period - Off-side.
6:20 of 3rd period - Mark Jankowski wins face-off versus Nicolas Petan in neutral zone.
7:10 of 3rd period - Anton Karlsson is hit by Colin White.
7:48 of 3rd period - Jesse Puljujarvi is hit by Juuso Riikola and loses puck.
8:30 of 3rd period - Kailer Yamamoto is hit by Adam Ollas-Mattsson.
8:52 of 3rd period - Michael Joly is hit by Jesse Puljujarvi and loses puck.
9:11 of 3rd period - Jesse Puljujarvi is hit by Juho Lammikko and loses puck.
9:24 of 3rd period - Sami Niku is hit by Jake Virtanen and loses puck.
9:45 of 3rd period - Teemu Pulkkinen is hit by Mark Jankowski and loses puck.
9:56 of 3rd period - Teemu Pulkkinen is hit by Christian Thomas and loses puck.
11:00 of 3rd period - Slapshot by Anton Karlsson.
11:00 of 3rd period - Shot Misses the Net.
11:06 of 3rd period - Tyler Graovac is hit by Christian Thomas and loses puck.
11:21 of 3rd period - Slapshot by Dan Renouf.
11:21 of 3rd period - Shot Misses the Net.
11:35 of 3rd period - Nicolas Petan is hit by Daniel Zaar and loses puck.
12:28 of 3rd period - Icing by Juho Lammikko.
12:29 of 3rd period - Mark Jankowski wins face-off versus Tyler Graovac in Comets zone.
12:30 of 3rd period - Snap shot by Daniel Zaar.
12:30 of 3rd period - Shot Misses the Net.
12:32 of 3rd period - Slapshot by Kailer Yamamoto.
12:32 of 3rd period - Deflect By Daniel Zaar.
12:32 of 3rd period - Shot Misses the Net.
12:32 of 3rd period - Puck is out of play.
12:33 of 3rd period - Nicolas Petan wins face-off versus Adam Erne in Comets zone.
12:35 of 3rd period - Icing by Dennis Everberg.
12:36 of 3rd period - Mark Jankowski wins face-off versus Nicolas Petan in Comets zone.
12:44 of 3rd period - Minor Penalty to Sami Niku for Tripping.
12:45 of 3rd period - Dennis Everberg wins face-off versus Mark Jankowski in Comets zone.
14:40 of 3rd period - Juuso Riikola is hit by Brett Lernout and loses puck.
14:44 of 3rd period - Penalty to Sami Niku is over, Sami Niku is back on ice.
14:59 of 3rd period - Wrist shot by Tyler Graovac.
14:59 of 3rd period - Deflect By Mackenzie MacEachern.
14:59 of 3rd period - Shot Misses the Net.
14:59 of 3rd period - Puck is out of play.
15:00 of 3rd period - Nicolas Petan wins face-off versus Mathew Barzal in Condors zone.
15:27 of 3rd period - Nikolai Knyzhov is hit by Mackenzie MacEachern.
16:05 of 3rd period - Emil Djuse is hit by Anton Karlsson and loses puck.
16:23 of 3rd period - Minor Penalty to Adam Erne for Tripping.
16:24 of 3rd period - Nicolas Petan wins face-off versus Daniel Zaar in Condors zone.
16:49 of 3rd period - Chandler Stephenson is hit by Jake Virtanen and loses puck.
17:14 of 3rd period - Mark Jankowski is hit by Chandler Stephenson.
18:23 of 3rd period - Penalty to Adam Erne is over, Adam Erne is back on ice.
18:41 of 3rd period - Off-side.
18:42 of 3rd period - Mathew Barzal wins face-off versus Tyler Graovac in neutral zone.
18:44 of 3rd period - Off-side.
18:45 of 3rd period - Mathew Barzal wins face-off versus Tyler Graovac in neutral zone.
18:54 of 3rd period - Snap shot by Taro Hirose.
18:54 of 3rd period - Shot Blocked by Juho Lammikko.
18:56 of 3rd period - Slapshot by Kailer Yamamoto.
18:56 of 3rd period - Shot Misses the Net.
18:58 of 3rd period - Snap shot by Mathew Barzal.
18:58 of 3rd period - Stopped by Casey DeSmith with a rebound.
19:00 of 3rd period - Slapshot by Taro Hirose.
19:00 of 3rd period - Shot Misses the Net.
19:52 of 3rd period - Brett Lernout is hit by Oliver Kylington and loses puck.
Goals for this period are 0 for Comets vs 0 for Condors.
Shots for this period are 7 for Comets vs 3 for Condors.
Overtime #1
0:01 of 1st overtime period - Daniel Zaar wins face-off versus Teemu Pulkkinen in neutral zone.
1:34 of 1st overtime period - Mark Jankowski is hit by Oliver Kylington.
1:49 of 1st overtime period - Adam Ollas-Mattsson is hit by Mathew Barzal and loses puck.
3:11 of 1st overtime period - Dan Renouf is hit by Daniel Zaar.
3:15 of 1st overtime period - Mark Jankowski is hit by Adam Ollas-Mattsson and loses puck.
3:28 of 1st overtime period - Dennis Everberg is hit by Brett Lernout and loses puck.
3:54 of 1st overtime period - Icing by Alexandre Carrier.
3:55 of 1st overtime period - Mathew Barzal wins face-off versus William Lockwood in Condors zone.
4:09 of 1st overtime period - Icing by Juuso Riikola.
4:10 of 1st overtime period - William Lockwood wins face-off versus Daniel Zaar in Comets zone.
4:17 of 1st overtime period - Mark Jankowski is hit by Oliver Kylington and loses puck.
4:39 of 1st overtime period - Slapshot by Juuso Riikola.
4:39 of 1st overtime period - Stopped by Mikko Koskinen with a rebound.
Goals for this period are 0 for Comets vs 0 for Condors.
Shots for this period are 1 for Comets vs 0 for Condors.
ShootOut
5:00 of 1st overtime period - Round #1.
5:00 of 1st overtime period - Comets, Dennis Everberg.
5:00 of 1st overtime period - Deke by Dennis Everberg.
5:00 of 1st overtime period - Stopped by Mikko Koskinen.
5:00 of 1st overtime period - Condors, Daniel Zaar.
5:00 of 1st overtime period - Backhand shot by Daniel Zaar.
5:00 of 1st overtime period - Stopped by Casey DeSmith.
5:00 of 1st overtime period - Round #2.
5:00 of 1st overtime period - Comets, Teemu Pulkkinen.
5:00 of 1st overtime period - Wrist shot by Teemu Pulkkinen.
5:00 of 1st overtime period - Stopped by Mikko Koskinen.
5:00 of 1st overtime period - Condors, Mark Jankowski.
5:00 of 1st overtime period - Wrist shot by Mark Jankowski.
5:00 of 1st overtime period - Stopped by Casey DeSmith.
5:00 of 1st overtime period - Round #3.
5:00 of 1st overtime period - Comets, Justin Bailey.
5:00 of 1st overtime period - Deke by Justin Bailey.
5:00 of 1st overtime period - Stopped by Mikko Koskinen.
5:00 of 1st overtime period - Condors, Jake Virtanen.
5:00 of 1st overtime period - Snap shot by Jake Virtanen.
5:00 of 1st overtime period - Stopped by Casey DeSmith.
5:00 of 1st overtime period - Round #4.
5:00 of 1st overtime period - Comets, Hudson Fasching.
5:00 of 1st overtime period - Snap shot by Hudson Fasching.
5:00 of 1st overtime period - Shot Misses the Net.
5:00 of 1st overtime period - Condors, Adam Erne.
5:00 of 1st overtime period - Deke by Adam Erne.
5:00 of 1st overtime period - Stopped by Casey DeSmith.
5:00 of 1st overtime period - Round #5.
5:00 of 1st overtime period - Comets, Nicolas Petan.
5:00 of 1st overtime period - Snap shot by Nicolas Petan.
5:00 of 1st overtime period - Goal by Nicolas Petan.
5:00 of 1st overtime period - Condors, Phil McRae.
5:00 of 1st overtime period - Snap shot by Phil McRae.
5:00 of 1st overtime period - Goal by Phil McRae.
5:00 of 1st overtime period - Round #6.
5:00 of 1st overtime period - Comets, Mackenzie MacEachern.
5:00 of 1st overtime period - Wrist shot by Mackenzie MacEachern.
5:00 of 1st overtime period - Shot Misses the Net.
5:00 of 1st overtime period - Condors, Kailer Yamamoto.
5:00 of 1st overtime period - Wrist shot by Kailer Yamamoto.
5:00 of 1st overtime period - Goal by Kailer Yamamoto.